 Dungeon Crawl Stone Soup version 0.28-a0-724-g66f9036eb4 (webtiles) character file.

Game seed: 3341099467720605785

434 Sweetruy1997 the Cleaver (level 7, -4/59 HPs)
             Began as a Hill Orc Monk on Oct 26, 2021.
             Slain by a steam dragon (7 damage)
             ... on level 5 of the Dungeon.
             The game lasted 00:07:17 (4142 turns).

Sweetruy1997 the Cleaver (Hill Orc Monk)            Turns: 4142, Time: 00:07:18

Health: -4/59      AC:  9    Str: 15    XL:     7   Next: 0%
Magic:  7/7        EV:  7    Int: 10    God:
Gold:   182        SH:  0    Dex: 14    Spells: 4/6 levels left

rFire   + . .      SeeInvis .   c - +2 executioner's axe (vamp)
rCold   + . .      Faith    .   (shield currently unavailable)
rNeg    . . .      Spirit   .   f - +0 chain mail
rPois   +          Reflect  .   (no helmet)
rElec   +          Harm     .   d - +0 cloak
rCorr   +          Rampage  .   (no gloves)
Will    .....                   (no boots)
Stlth   ..........              (no amulet)
HPRegen 0.19/turn               (no ring)
MPRegen 0.10/turn               (no ring)

@: resistant
A: no striking features
a: no special abilities


You were on level 5 of the Dungeon.
You visited 1 branch of the dungeon, and saw 5 of its levels.

You collected 182 gold pieces.

Inventory:

Hand Weapons
 c - a +2 vampiric executioner's axe (weapon)
Missiles
 g - 2 boomerangs (quivered)
Armour
 d - a +0 cloak (worn)
 f - a +0 chain mail (worn)
Wands
 o - a wand of paralysis (7)
Scrolls
 a - a scroll of fear {unknown}
 j - a scroll of enchant weapon {unknown}
 k - 2 scrolls of immolation {unknown}
 l - 2 scrolls of enchant armour {unknown}
 m - a scroll of magic mapping {unknown}
 n - a scroll of amnesia {unknown}
Potions
 b - a potion of heal wounds {unknown}
 e - a potion of resistance
 h - a potion of degeneration {unknown}
 i - a potion of flight {unknown}


   Skills:
 - Level 4.0 Fighting
 + Level 9.0 Axes
 - Level 1.0 Throwing
 - Level 1.0 Armour
 + Level 2.9 Dodging
 + Level 1.7 Stealth


You had 4 spell levels left.
You knew the following spells:

 Your Spells              Type           Power      Damage    Failure   Level
a - Ensorcelled Hibernat  Hex/Ice        0%         N/A       100%        2

Your spell library contained the following spells:

 Spells                   Type           Power      Damage    Failure   Level
 Spider Form              Tmut/Pois      0%         N/A       100%        3
 Tukima's Dance           Hex            0%         N/A       100%        3


Dungeon Overview and Level Annotations

Branches:
Dungeon (5/15)
 Temple: D:4-7

Altars:
Cheibriados
Hepliaklqana
Ru


Message History

A steam dragon is nearby!
You throw a boomerang.
The boomerang closely misses the steam dragon.
You throw a boomerang.
The boomerang hits the steam dragon but does no damage.
You slice the steam dragon!!
The steam dragon is severely wounded.
The steam dragon breathes steam at you. The ball of steam hits you!
The steam dragon closely misses you.
The steam dragon claws you but does no damage.
You slash the steam dragon!
You feel better.
The steam dragon is almost dead.
You are engulfed in a cloud of scalding steam.
The steam dragon barely misses you. The steam dragon claws you.
You closely miss the steam dragon.
The steam dragon is almost dead.
You are engulfed in a cloud of scalding steam.
The steam dragon breathes steam at you. The ball of steam hits you!!
* * * LOW HITPOINT WARNING * * *
The steam dragon bites you but does no damage.
The steam dragon barely misses you.
You hit the steam dragon.
You feel better.
The steam dragon is almost dead.
You are engulfed in a cloud of scalding steam.
* * * LOW HITPOINT WARNING * * *
The steam dragon bites you!
* * * LOW HITPOINT WARNING * * *
The steam dragon claws you but does no damage.
It was a potion of resistance.
You feel protected.
The steam dragon bites you but does no damage.
The steam dragon claws you but does no damage.
The steam dragon bites you but does no damage.
The steam dragon claws you but does no damage.
You completely miss the steam dragon.
The steam dragon is almost dead.
The steam dragon bites you but does no damage.
The steam dragon completely misses you. The steam dragon bites you!
You die...

### #############
...#.........#.+
##.#.#######.#.#
#..D@......#.#.# +#
#..#.#####.#.#.##.#
#..#.##..#.#......#
#.
#....<....#.##.##.
##
#..#..............
.................###
##############....#
#....# ##.#####


You could see a steam dragon.

Vanquished Creatures
  Blork the orc (D:4)
  2 scorpions
  A jelly (D:5)
  2 centaur skeletons
  An iguana (D:4)
  4 adders (D:3)
  An ufetubus (D:5)
  2 adder skeletons (D:4)
  A worm (D:2)
  A dart slug (D:2)
  5 orcs
  4 ball pythons
  6 endoplasms
  6 giant cockroaches
  7 goblins
  5 hobgoblins
  6 jackals
  3 quokkas
  6 bats
  4 frilled lizards (D:3)
  11 kobolds
  6 rats
85 creatures vanquished.

Vanquished Creatures (others)
  3 fungi (D:3)
  A plant (D:3)
4 creatures vanquished.

Grand Total: 89 creatures vanquished

Notes
Turn   | Place    | Note
-------+----------+-------------------------------------------
     0 | D:1      | Sweetruy1997 the Hill Orc Monk began the quest for the Orb.
     0 | D:1      | Reached XP level 1. HP: 19/19 MP: 1/1
   758 | D:1      | Reached XP level 2. HP: 27/27 MP: 2/2
  1396 | D:2      | Reached XP level 3. HP: 30/33 MP: 3/3
  1788 | D:3      | Learned a level 2 spell: Ensorcelled Hibernation
  2104 | D:3      | Reached skill level 5 in Axes
  2118 | D:3      | Reached skill level 1 in Throwing
  2118 | D:3      | Reached skill level 1 in Armour
  2121 | D:3      | Reached XP level 4. HP: 33/40 MP: 4/4
  2212 | D:3      | Found a sacrificial altar of Ru.
  2232 | D:3      | Identified a scroll of acquirement
  2234 | D:3      | Acquired a +2 vampiric executioner's axe
  2666 | D:3      | Found a snail-covered altar of Cheibriados.
  2666 | D:3      | Found a hazy altar of Hepliaklqana.
  2813 | D:3      | Reached skill level 6 in Axes
  3085 | D:4      | Reached XP level 5. HP: 43/46 MP: 5/5
  3130 | D:4      | HP: 1/46 [scorpion (2)]
  3146 | D:4      | Reached skill level 7 in Axes
  3149 | D:4      | Reached XP level 6. HP: 14/52 MP: 6/6
  3526 | D:4      | Noticed Blork the orc
  3538 | D:4      | Killed Blork the orc
  3539 | D:4      | Reached skill level 8 in Axes
  3903 | D:5      | Entered Level 5 of the Dungeon
  4067 | D:5      | Reached skill level 9 in Axes
  4067 | D:5      | Reached XP level 7. HP: 59/59 MP: 7/7
  4133 | D:5      | Noticed a steam dragon
  4139 | D:5      | HP: 2/59 [steam dragon (8)]
  4142 | D:5      | Slain by a steam dragon

Illustrated notes

Levels and vault maps discovered:
D:1:      minmay_arrival_plants_in_alcoves, layout_loops_corners, st_stairs_12,
          minmay_crystal_room
D:2:      layout_rooms
D:3:      minmay_bubble_buster, layout_basic, mainiacjoe_overflow_boulevard,
          gammafunk_temple_overflow_statue
D:4:      layout_cave_pools, uniq_blork_the_orc
D:5:      minmay_clustersquares, layout_basic

Skill      XL: |  1  2  3  4  5  6 |
---------------+-------------------+-----
Fighting       | 4 |  4.0
Axes           | 5 6 7 9 |  9.0
Throwing       | 1 |  1.0
Armour         | 1 |  1.0
Dodging        | |  2.9
Stealth        | |  1.7

Action                   |  1- 3 |  4- 6 |  7- 9 || total
-------------------------+-------+-------+-------++-------
Melee: Hand axe          |   108 |    18 |       ||   126
       Executioner's axe |       |   101 |     5 ||   106
Throw: Boomerang         |    41 |    34 |     2 ||    77
  Use: Scroll            |       |     4 |       ||     4
       Potion            |       |     3 |     1 ||     4
 Stab: Sleeping          |     1 |       |       ||     1
Armor: Chain mail        |    76 |    91 |     9 ||   176
       Robe              |     1 |       |       ||     1
Dodge: Dodged            |    35 |    55 |     4 ||    94

Table legend: (Time is in decaauts)
 A = Elapsed time spent in this place.
 B = Non-inter-level travel time spent in this place.
 C = Inter-level travel time spent in this place.
 D = Time resting spent in this place.
 E = Time spent auto-exploring this place.
 F = Levels seen in this place.
 G = Mean time per level.
                   A        B        C        D        E       F      G
               +--------+--------+--------+--------+--------+-----+--------+
         Total |   4229 |   4145 |     84 |    511 |   2949 |   5 |  845.8 |
       Dungeon |   4229 |   4145 |     84 |    511 |   2949 |   5 |  845.8 |
               +--------+--------+--------+--------+--------+-----+--------+

Top non-repeatable levels by time:
     D:3: 1368 daAuts
     D:1: 1191 daAuts
     D:4: 860 daAuts
     D:2: 563 daAuts
     D:5: 245 daAuts
